 Dungeon Crawl Stone Soup version 0.22-a0-603-gfc1114d (webtiles) character file.

30409 sking99 the Martial Artist (level 13, -7/107 HPs)
             Began as a Pale Draconian Transmuter on July 7, 2018.
             Was a High Priest of Ru.
             Mangled by an entropy weaver (15 damage)
             ... on level 6 of the Lair of Beasts on July 8, 2018.
             The game lasted 00:38:18 (15827 turns).

sking99 the Martial Artist (DrTm)                  Turns: 15827, Time: 00:38:20

Health: -7/107     AC:  1    Str: 13    XL:     13   Next: 20%
Magic:  11/16      EV: 18    Int: 17    God:    Ru [*****.]
Gold:   951        SH:  0    Dex: 16    Spells: 8/16 levels left

rFire    . . .     SeeInvis .     - Unarmed
rCold    . . .     Gourm    .   (shield currently unavailable)
rNeg     . . .     Faith    .   (armour unavailable)
rPois    +         Spirit   .   (helmet restricted)
rElec    .         Reflect  .   B - +1 cloak {rPois}
rCorr    .         Harm     .   (gloves currently unavailable)
MR       .....                  C - +2 pair of boots
Stlth    ..........             q - amulet of regeneration
HPRegen  0.67/turn              x - +3 ring of intelligence
MPRegen  0.15/turn              (no ring)

@: blade hands, corroded, drained
A: breathe steam, unfitting armour, deterioration 1, frail 1, cold-blooded, no
stealth, inability to use devices, AC +8
a: Breathe Steam, End Transformation, Draw Out Power, Power Leap, Apocalypse,
Renounce Religion


You were on level 6 of the Lair of Beasts.
You worshipped Ru.
Ru was extremely pleased with you.
You were not hungry.
You had blades for hands.
You visited 2 branches of the dungeon, and saw 16 of its levels.
You also visited: Sewer.

You collected 1039 gold pieces.
You spent 88 gold pieces at shops.

Inventory:

Missiles
 a - 218 arrows
Armour
 v - a +0 pair of gloves (melded)
 B - a +1 cloak of poison resistance (worn)
 C - a +2 pair of boots (worn)
Jewellery
 h - an uncursed ring of fire
 o - an uncursed ring of poison resistance
 p - an uncursed amulet of harm {unknown}
 q - an amulet of regeneration (around neck)
 x - a +3 ring of intelligence (left scythe-like blade)
 I - the ring "Deypeez" {*Tele *Contam rC+ rN++}
   (You found it on level 3 of the Lair of Beasts)

   [ring of teleportation]

   It may teleport you next to monsters.
   It protects you from cold.
   It greatly protects you from negative energy.
   It causes magical contamination when unequipped.
Scrolls
 b - 4 scrolls of enchant armour
 d - 3 scrolls of teleportation
 f - 2 scrolls of enchant weapon
 i - 13 scrolls of remove curse
 j - 4 scrolls of amnesia
 u - a scroll of immolation
 y - 4 scrolls of fear
 D - a scroll of blinking
 F - 5 scrolls of magic mapping
 G - a scroll of random uselessness {unknown}
Potions
 c - 6 potions of heal wounds
 e - 5 potions of agility
 k - 4 potions of berserk rage {unknown}
 l - 4 potions of might
 m - 5 potions of curing
 r - 9 potions of flight
 s - 3 potions of ambrosia {unknown}
 t - a potion of brilliance {unknown}
 w - 6 potions of lignification {unknown}
 z - a potion of cancellation {unknown}
 A - 3 potions of invisibility {unknown}
 E - a potion of haste {unknown}
 H - a potion of resistance {unknown}
Comestibles
 n - 22 rations


   Skills:
 - Level 12.9(12.5) Fighting
 * Level 8.7(8.4) Dodging
 + Level 14.3(13.9) Unarmed Combat
 - Level 2.0(1.7) Spellcasting
 - Level 10.0(9.6) Transmutations


You had 8 spell levels left.
You knew the following spells:

 Your Spells              Type           Power        Failure   Level  Hunger
a - Beastly Appendage     Tmut           ####..       11%         1    ##.....
b - Sticks to Snakes      Tmut           ####....     12%         2    ###....
c - Blade Hands           Tmut           ####......   47%         5    ######.

Your spell library contained the following spells:

 Spells                   Type           Power        Failure   Level  Hunger
 Confuse                  Hex            #.......     88%         3    ####...
 Invisibility             Hex            #.......     100%        6    #######
 Mephitic Cloud           Conj/Pois/Air  #.......     88%         3    ####...
 Venom Bolt               Conj/Pois      #.........   100%        5    ######.
 Olgreb's Toxic Radiance  Pois           #.......     99%         4    #####..
 Regeneration             Chrm/Necr      #.........   88%         3    ####...
 Sting                    Conj/Pois      #...         63%         1    ##.....
 Swiftness                Chrm/Air       #.......     73%         2    ###....
 Spider Form              Tmut/Pois      ###.......   43%         3    ####...
 Ice Form                 Ice/Tmut       ###.....     69%         4    #####..
 Confusing Touch          Hex            #.....       63%         1    ##.....
 Passwall                 Tmut/Erth      ###.....     30%         2    ###....
 Metabolic Englaciation   Hex/Ice        #.........   100%        5    ######.
 Lee's Rapid Deconstruct  Erth           #.........   100%        5    ######.
 Petrify                  Tmut/Erth      ###.....     69%         4    #####..
 Passage of Golubria      Tloc           N/A          99%         4    #####..
 Darkness                 Hex            #.........   100%        6    #######
 Shroud of Golubria       Chrm/Tloc      #.........   73%         2    ###....
 Infusion                 Chrm           #...         63%         1    ##.....
 Song of Slaying          Chrm           #.......     73%         2    ###....
 Spectral Weapon          Hex/Chrm       #.......     88%         3    ####...
 Gell's Gravitas          Tloc           #.........   88%         3    ####...
 Yara's Violent Unravell  Hex/Tmut       ###.......   91%         5    ######.
 Poisonous Vapours        Pois/Air       #.....       73%         2    ###....


Dungeon Overview and Level Annotations

Branches:
Dungeon (10/15)              Lair (6/6) D:8          Shoals (0/4) Lair:2
  Snake (0/4) Lair:3          Orc (0/2) D:9
 Temple: D:4-7        Slime: Lair:5-6

Altars:
Cheibriados
Dithmenos
Fedhas
Hepliaklqana
Makhleb
Nemelex Xobeh
Qazlal
Ru
Sif Muna
Vehumet
Wu Jian
Xom
Zin
The Shining One

Shops:
D:4 %   D:6 ?   D:7 *   D:8 }   D:9 *


Innate Abilities, Weirdness & Mutations

You can breathe blasts of scalding, opaque steam.
Your pale cyan-grey scales are hard. (AC +8)
You cannot fit into any form of body armour.
You are frail. (-10% HP)
You are cold-blooded and may be slowed by cold attacks.
You cannot be stealthy.
You cannot study or use magical devices.
Your body sometimes deteriorates upon taking damage.


Message History

The entropy weaver is almost dead.
You miss the entropy weaver.
The entropy weaver is almost dead.
You feel less exhausted. The entropy weaver misses you.
The entropy weaver hits you. x2
* * * LOW HITPOINT WARNING * * *
The entropy weaver closely misses you.
Casting: Blade Hands (slightly dangerous; 11% risk of failure)
Confirm with . or Enter, or press ? or * to list all spells.
Your hands turn into razor-sharp scythe blades.
Your +0 pair of gloves melds into your body.
The entropy weaver hits you.
* * * LOW HITPOINT WARNING * * *
The entropy weaver hits you!
* * * LOW HITPOINT WARNING * * *
You focus your will and blind the entropy weaver in retribution!
The entropy weaver hits you!
* * * LOW HITPOINT WARNING * * *
The entropy weaver hits you!
You die...

...........#..P....P..
...........###P.P....#
.............P#......P#
.............###......#...
.............##..Y†........
...............##†.##.P...P
............$#.#..## ###...
...........Y#.....## ...
#.......@aY......# ..
#.##.†..#Y#.†..### .
#.....####..## #...###
....# #PP... #.....#
....... P..#...P .......##
#...#..... .#.....##
..#####... ......


You could see an entropy weaver (blind) and 3 yaks.

Vanquished Creatures
  2 hydras (Lair:6)
  4 two-headed ogres
  Nergalle (Lair:3)
  Pikel (D:7)
  4 black mambas
  8 spiny frogs
  Psyche (D:9)
  2 rime drakes
  4 komodo dragons
  A polar bear (Lair:5)
  4 hornets
  4 blink frogs (Lair:1)
  6 dream sheep (Lair:6)
  8 hippogriffs
  3 spriggans (Lair:6)
  18 yaks
  4 basilisks
  Eustachio (D:4)
  A hungry ghost (D:10)
  Menkaure (D:7)
  2 nagas (Lair:3)
  5 water moccasins
  8 soldier ants (Lair:6)
  2 porcupines
  2 hell hounds (D:8)
  5 orc warriors
  3 ice beasts
  2 sky beasts
  3 slaves (D:7)
  An ogre (D:4)
  2 phantoms
  5 necrophages
  22 wolves
  3 boggarts (Lair:6)
  3 black bears
  7 centaurs
  13 crocodiles
  8 bullfrogs
  A scorpion (D:8)
  8 killer bees
  4 howler monkeys
  A crimson imp (D:5)
  A centaur zombie (D:5)
  2 bullfrog zombies (D:8)
  6 hounds
  7 orc priests
  6 orc wizards
  Crazy Yiuf (D:7)
  A gnoll shaman (D:6)
  A jelly (D:5)
  2 iguanas
  15 worker ants
  2 hound skeletons
  A howler monkey zombie (D:8)
  2 worker ant zombies
  4 gnolls (D:6)
  14 adders
  3 river rats (Sewer)
  2 shadow imps
  An adder skeleton (D:5)
  2 worms
  3 dart slugs
  3 leopard geckos
  25 orcs
  5 giant cockroaches
  6 goblins
  7 hobgoblins
  9 jackals
  3 quokkas
  5 ball pythons (Sewer)
  7 bats
  6 frilled lizards
  A jackal zombie (D:8)
  27 kobolds
  A leopard gecko skeleton (D:4)
  A leopard gecko zombie (D:8)
  30 rats
  A bush (D:8)
  2 fungi (Lair:6)
  A plant (Lair:6)
404 creatures vanquished.

Vanquished Creatures (collateral kills)
  Nessos (Lair:5)
  2 hydras (Lair:4)
  A spriggan (D:7)
  A centaur skeleton (D:7)
  A leopard gecko skeleton (D:7)
6 creatures vanquished.

Vanquished Creatures (others)
  A rime drake (Lair:6)
  A komodo dragon (Lair:1)
  An ogre (D:7)
  A wolf (Lair:1)
  A crocodile (Lair:6)
  A bullfrog (Lair:5)
  A leopard gecko (D:7)
  A bush (Lair:6)
  11 fungi (Lair:6)
  3 plants
22 creatures vanquished.

Grand Total: 432 creatures vanquished

Notes
Turn   | Place    | Note
-------+----------+-------------------------------------------
     0 | D:1      | sking99 the Draconian Transmuter began the quest for the Orb.
     0 | D:1      | Reached XP level 1. HP: 16/16 MP: 3/3
   132 | D:1      | Reached XP level 2. HP: 23/23 MP: 5/5
   136 | D:1      | Learned a level 2 spell: Sticks to Snakes
   713 | D:2      | Reached XP level 3. HP: 29/29 MP: 6/6
   768 | D:2      | Reached skill level 4 in Unarmed Combat
  1643 | D:2      | Found a shadowy altar of Dithmenos.
  1786 | D:2      | Reached XP level 4. HP: 34/37 MP: 7/7
  1832 | D:2      | Found an ornate altar of the Wu Jian Council.
  3064 | D:4      | Found a glowing drain.
  3098 | D:4      | Reached skill level 5 in Unarmed Combat
  3106 | D:4      | Reached XP level 5. HP: 37/45 MP: 6/8
  3121 | Sewer    | Entered a sewer
  3827 | D:4      | Noticed an orc warrior
  3887 | D:4      | Reached XP level 6. HP: 13/71 MP: 5/9
  3965 | D:4      | Your scales start taking on a pale cyan-grey colour.
  3965 | D:4      | Reached XP level 7. HP: 58/78 MP: 10/10
  4066 | D:4      | Found a sparkling altar of Nemelex Xobeh.
  4066 | D:4      | Found a burning altar of Makhleb.
  4072 | D:4      | Found Viomaev's Food Emporium.
  4106 | D:4      | Found a sacrificial altar of Ru.
  4108 | D:4      | Found a faded altar of an unknown god.
  4109 | D:4      | Found a faded altar of an unknown god.
  4121 | D:4      | Became a worshipper of Ru the Awakened
  4223 | D:4      | Found a glowing golden altar of the Shining One.
  4298 | D:4      | Reached skill level 6 in Unarmed Combat
  4485 | D:4      | Noticed Eustachio
  4494 | D:4      | Killed Eustachio
  4494 | D:4      | Reached skill level 7 in Unarmed Combat
  4596 | D:4      | Reached XP level 8. HP: 75/85 MP: 9/11
  4747 | D:5      | Entered Level 5 of the Dungeon
  4824 | D:5      | Found a shimmering altar of Xom.
  4825 | D:5      | Found a glowing silver altar of Zin.
  4825 | D:5      | Noticed an angel
  4905 | D:5      | Found a stormy altar of Qazlal.
  5186 | D:5      | Found a sparkling altar of Nemelex Xobeh.
  5268 | D:5      | Gained mutation: You cannot be stealthy. [Ru sacrifice]
  5537 | D:6      | Found a hazy altar of Hepliaklqana.
  5828 | D:6      | Reached skill level 8 in Unarmed Combat
  5868 | D:6      | Found Daqaex's Magic Scroll Boutique.
  5873 | D:6      | Bought a scroll of fear for 49 gold pieces
  6261 | D:7      | Noticed Menkaure
  6264 | D:7      | Killed Menkaure
  6265 | D:7      | Noticed Pikel
  6300 | D:7      | Killed Pikel
  6300 | D:7      | Reached XP level 9. HP: 67/92 MP: 12/12
  6472 | D:7      | Found a radiant altar of Vehumet.
  6765 | D:7      | Found Hyngiupp's General Store.
  6823 | D:7      | Bought a potion of curing for 39 gold pieces
  6885 | D:7      | Reached skill level 9 in Unarmed Combat
  6916 | D:7      | Found a deep blue altar of Sif Muna.
  7059 | D:7      | Found a runed door.
  7188 | D:7      | Noticed Crazy Yiuf
  7192 | D:7      | Killed Crazy Yiuf
  7401 | D:8      | Gained mutation: You cannot study or use magical devices. [Ru sacrifice]
  7401 | D:8      | Reached * piety under Ru
  7401 | D:8      | Reached ** piety under Ru
  7401 | D:8      | Reached *** piety under Ru
  7708 | D:8      | Noticed a two-headed ogre
  7720 | D:8      | Killed a two-headed ogre
  7720 | D:8      | Reached skill level 10 in Unarmed Combat
  7720 | D:8      | Reached skill level 5 in Transmutations
  7720 | D:8      | Reached XP level 10. HP: 84/100 MP: 7/13
  7784 | D:8      | Found a staircase to the Lair.
  7986 | D:8      | Found a blossoming altar of Fedhas.
  8132 | D:8      | Found Xoluel's Gadget Emporium.
  8257 | D:8      | Noticed a two-headed ogre
  8269 | D:8      | Killed a two-headed ogre
  8269 | D:8      | Reached skill level 11 in Unarmed Combat
  8799 | D:9      | Found a snail-covered altar of Cheibriados.
  9000 | D:9      | Found a staircase to the Orcish Mines.
  9000 | D:9      | Noticed Psyche
  9004 | D:9      | Killed Psyche
  9177 | D:9      | Reached skill level 12 in Unarmed Combat
  9267 | D:9      | Found Gaceq's Serpentskin Sales.
  9417 | D:10     | Entered Level 10 of the Dungeon
  9432 | D:10     | Noticed a two-headed ogre
  9451 | D:10     | Killed a two-headed ogre
  9451 | D:10     | Reached XP level 11. HP: 64/106 MP: 14/14
  9466 | D:10     | Gained mutation: You are frail. (-10% HP) [Ru sacrifice]
  9466 | D:10     | Reached **** piety under Ru
  9466 | D:10     | Reached ***** piety under Ru
  9822 | D:10     | Noticed a two-headed ogre
  9832 | D:10     | Killed a two-headed ogre
  9832 | D:10     | Reached skill level 13 in Unarmed Combat
 10174 | Lair:1   | Entered Level 1 of the Lair of Beasts
 10181 | Lair:1   | Learned a level 5 spell: Blade Hands
 11229 | Lair:2   | Found a staircase to the Shoals.
 11872 | Lair:3   | Found a staircase to the Snake Pit.
 11938 | Lair:3   | Reached skill level 5 in Dodging
 12054 | Lair:3   | Got a bound marble ring
 12067 | Lair:3   | Reached XP level 12. HP: 101/101 MP: 15/15
 12554 | Lair:3   | Noticed Nergalle
 12570 | Lair:3   | Killed Nergalle
 12578 | Lair:3   | Identified the ring "Deypeez" {*Tele *Contam rC+ rN++} (You found it on level 3 of the Lair of Beasts)
 12609 | Lair:3   | Gained mutation: Your body sometimes deteriorates upon taking damage. [mutagenic glow]
 13035 | Lair:4   | Noticed an eight-headed hydra
 13046 | Lair:4   | Killed an eight-headed hydra
 13116 | Lair:4   | Noticed a five-headed hydra
 13125 | Lair:4   | Killed a five-headed hydra
 13948 | Lair:5   | Found the +7 Singing Sword
 14185 | Lair:5   | Noticed Nessos
 14206 | Lair:5   | Killed Nessos
 14318 | Lair:5   | Found a hazy altar of Hepliaklqana.
 14597 | Lair:5   | Reached skill level 14 in Unarmed Combat
 14927 | Lair:6   | Entered Level 6 of the Lair of Beasts
 15229 | Lair:6   | Noticed an eight-headed hydra
 15250 | Lair:6   | Noticed a four-headed hydra
 15290 | Lair:6   | Killed a four-headed hydra
 15297 | Lair:6   | Killed an eight-headed hydra
 15503 | Lair:6   | Reached XP level 13. HP: 96/107 MP: 0/16
 15517 | Lair:6   | Reached skill level 10 in Transmutations
 15790 | Lair:6   | Noticed an entropy weaver
 15827 | Lair:6   | Mangled by an entropy weaver

Vault maps used:
D:1:      dpeg_arrival_arbitrary_c, minmay_pentomino_z4
D:2:      lemuel_doored_altar, lemuel_coloured_pillars_altar,
          kennysheep_another_room
D:3:      first_ration, serial_co_window_serial, co_window_corner_a,
          co_window_paths_a, co_window_paths_b, co_window_cross_1,
          co_window_paths_b, co_window_2corner, co_window_of_opportunity_b,
          co_window_of_opportunity_b, co_window_unsneaky_path_c,
          co_window_corner_cb, glass_columns_a, glass_columns_b, glass_columns_b
D:4:      marbit_many_paths, chequers_temple_overflow_minitemple,
          gup_sewer_entry_glass, serial_shops, nicolae_shop_window_shopping,
          uniq_eustachio
D:5:      grunt_temple_overflow_order_and_chaos_1, old_standard_altar,
          minmay_temple_entry_from_below_a, basic_altar
D:6:      kennysheep_mini, serial_shops, kennysheep_little_box
D:7:      vehumet_altar_wand_db, overflow_temple_1_default, serial_shops,
          shop_statue, the_bakery, hex_large, uniq_menkaure,
          uniq_crazy_yiuf_cottage, uniq_pikel
D:8:      minmay_lair_entry_lava, serial_shops, shop_statue,
          fedhas_altar_decomposition
D:9:      cheibriados_altar_1, orc_0_dummy, guppyfry_shop_venom, uniq_psyche
Lair:1:   lemuel_fruit_fields, grunt_megastairs_2
Lair:2:   shoals_dummy_entry
Lair:3:   guppyfry_snake_entry_island, uniq_nergalle
Lair:4:   minivault_27
Lair:5:   basic_altar, lemuel_fruit_tree, serial_bayou_shore_a, uniq_nessos
Lair:6:   minmay_lair_end_enchanted_forest, slime_altar_1,
          minmay_another_anthill
Sewer:    sewer_minmay_treatment

Skill      XL: |  1  2  3  4  5  6  7  8  9 10 11 12 13 |
---------------+----------------------------------------+-----
Fighting       | 2 3 12 | 12.9
Unarmed Combat | 4 5 7 8 10 12 13 14 | 14.3
Transmutations | 3 5 7 9 10 | 10.0
Dodging        | 5 7 8 |  8.7
Spellcasting   | |  2.0

Action                   |  1- 3 |  4- 6 |  7- 9 | 10-12 | 13-15 || total
-------------------------+-------+-------+-------+-------+-------++-------
Melee: Unarmed           |   130 |   280 |   277 |   672 |   124 ||  1483
       Tailslap          |    15 |    26 |    36 |   112 |    15 ||   204
       Punch             |     1 |     7 |     6 |    45 |     4 ||    63
       Headbutt          |       |     2 |     4 |     1 |       ||     7
 Cast: Sticks to Snakes  |       |     5 |     4 |    19 |       ||    28
       Beastly Appendage |       |     3 |     4 |     1 |       ||     8
       Blade Hands       |       |       |       |     4 |     4 ||     8
Invok: Sacrifice Stealth |       |       |     1 |       |       ||     1
       Sacrifice Artific |       |       |     1 |       |       ||     1
       Draw Out Power    |       |       |       |     1 |     1 ||     2
       Sacrifice Health  |       |       |       |     1 |       ||     1
       Reject Sacrifices |       |       |       |     1 |       ||     1
       Apocalypse        |       |       |       |     1 |       ||     1
       Power Leap        |       |       |       |       |     1 ||     1
 Abil: Breathe Steam     |       |       |    22 |    41 |     3 ||    66
       End Transformatio |       |       |       |     1 |       ||     1
  Use: Scroll            |       |     9 |     4 |     4 |       ||    17
       Potion            |       |     1 |       |       |       ||     1
 Stab: Sleeping          |       |       |     1 |       |       ||     1
       Invisible         |       |       |       |     6 |       ||     6
       Paralysed         |       |       |       |    10 |     3 ||    13
       Distracted        |       |       |       |     3 |     1 ||     4
  Eat: Ration            |     1 |       |       |     3 |     1 ||     5
       Chunk             |       |     7 |    15 |    22 |     1 ||    45
Armor: Skin              |    40 |   104 |    97 |   191 |    30 ||   462
Dodge: Dodged            |    78 |   185 |   144 |   379 |    81 ||   867

Table legend:
 A = Spawn XP
 B = Non-spawn XP
 C = Spawn XP percentage of total XP
 D = Spawn monster count
 E = Non-spawn monster count
 F = Spawn count percentage of total count
 G = Total turns spent on level
                    A         B        C        D         E        F      G
               +---------+---------+-------+---------+---------+-------+---------
         Total |       0 |   43102 |   0.0 |       0 |     406 |   0.0 | 15827
               +---------+---------+-------+---------+---------+-------+---------
           D:1 |       0 |      40 |   0.0 |       0 |      24 |   0.0 |   704
           D:2 |       0 |      68 |   0.0 |       0 |      18 |   0.0 |  1408
           D:3 |       0 |      55 |   0.0 |       0 |      15 |   0.0 |   909
           D:4 |       0 |     908 |   0.0 |       0 |      30 |   0.0 |  1185
           D:5 |       0 |     271 |   0.0 |       0 |      11 |   0.0 |   717
           D:6 |       0 |     369 |   0.0 |       0 |      21 |   0.0 |   773
           D:7 |       0 |    2000 |   0.0 |       0 |      27 |   0.0 |  1149
           D:8 |       0 |    3702 |   0.0 |       0 |      30 |   0.0 |  1300
           D:9 |       0 |    2132 |   0.0 |       0 |      25 |   0.0 |   782
          D:10 |       0 |    3196 |   0.0 |       0 |      15 |   0.0 |   706
        Lair:1 |       0 |    4598 |   0.0 |       0 |      24 |   0.0 |   824
        Lair:2 |       0 |    2374 |   0.0 |       0 |       9 |   0.0 |   843
        Lair:3 |       0 |    5139 |   0.0 |       0 |      25 |   0.0 |  1092
        Lair:4 |       0 |    4181 |   0.0 |       0 |      13 |   0.0 |  1008
        Lair:5 |       0 |    2703 |   0.0 |       0 |      10 |   0.0 |  1080
        Lair:6 |       0 |   11261 |   0.0 |       0 |      61 |   0.0 |   806
         Sewer |       0 |     105 |   0.0 |       0 |      48 |   0.0 |   541
               +---------+---------+-------+---------+---------+-------+---------
